 Dungeon Crawl Stone Soup version 0.21.0-8-gf18e19db4a (webtiles) character file.

126 littlejohnii the Cudgeler (level 4, 0/39 HPs)
             Began as a Minotaur Fighter on Jan 17, 2018.
             Was an Initiate of Okawaru.
             Killed from afar by an orc wizard (12 damage)
             ... with a puff of flame
             ... on level 2 of the Dungeon.
             The game lasted 00:08:10 (1977 turns).

littlejohnii the Cudgeler (Minotaur Fighter)        Turns: 1977, Time: 00:08:11

Health: 0/39       AC:  9    Str: 22    XL:     4   Next: 83%
Magic:  3/3        EV:  7    Int:  5    God:    Okawaru [......]
Gold:   79         SH:  9    Dex:  9    Spells: 3/3 levels left

rFire    . . .     SeeInvis .   a - +0 flail
rCold    . . .     Gourm    .   c - +0 shield
rNeg     . . .     Faith    .   b - +0 scale mail
rPois    .         Spirit   .   (helmet restricted)
rElec    .         Reflect  .   o - +0 cloak
rCorr    .         Harm     .   i - +0 pair of gloves
MR       .....                  (no boots)
Stlth    ..........             (no amulet)
HPRegen  0.13/turn              (no ring)
MPRegen  0.08/turn              (no ring)

@: no status effects
A: retaliatory headbutt, horns 2
a: Renounce Religion


You were on level 2 of the Dungeon.
You worshipped Okawaru.
Okawaru was noncommittal.
You were hungry.

You visited 1 branch of the dungeon, and saw 3 of its levels.

You collected 79 gold pieces.

Inventory:

Hand Weapons
 a - a +0 flail (weapon)
Armour
 b - a +0 scale mail (worn)
 c - a +0 shield (worn)
 i - a +0 pair of gloves (worn)
 o - a +0 cloak (worn)
Jewellery
 l - an uncursed ring of fire {unknown}
 r - a +4 ring of dexterity {unknown}
Scrolls
 e - 2 scrolls of remove curse {unknown}
 h - a scroll of magic mapping {unknown}
 m - 4 scrolls of identify {unknown}
 p - a scroll of teleportation {unknown}
Potions
 d - a potion of might
 j - a potion of ambrosia {unknown}
 k - a potion of heal wounds {unknown}
 n - a potion of resistance {unknown}
 q - a potion of berserk rage {unknown}
 s - a potion of mutation {unknown}
Comestibles
 f - 6 rations


   Skills:
 - Level 3.6 Fighting
 * Level 6.2 Maces & Flails
 - Level 3.6 Armour
 - Level 3.6 Shields


You had 3 spell levels left.
You didn't know any spells.

Dungeon Overview and Level Annotations

Branches:
Dungeon (3/15)

Altars:
Hepliaklqana
Okawaru
Sif Muna

Annotations:
D:3 tyrsky's ghost, amateur TrMo


Innate Abilities, Weirdness & Mutations

You reflexively headbutt those who attack you in melee.
You have a pair of horns on your head.


Message History

The orc wizard points at you and mumbles some strange words.
You are confused.
You climb upwards.
There is a stone staircase leading down here.
You bump into the translucent rock wall.
The orc wizard hits you but does no damage.
You bump into the translucent rock wall.
The orc wizard mumbles some strange words.
The orc wizard flickers and vanishes!
You barely miss something. Something hits you but does no damage.
You completely miss something.
You feel less confused. Something hits you but does no damage.
You hit something but do no damage. Something hits you.
You miss something. Something hits you but does no damage.
You miss something. Your headbutt misses something.
You hear some strange, mumbled words.
A puff of flame appears from out of thin air!
The puff of flame hits you!
You die...

...## #......#
#.........#..... ....##
#......# #.###.#####.####
#..).#
#......###.........#.....
##.###
#...........######.##.##.
##..# ##########..#
#.#.....
....#####8###8####.##
#.###..#
#....##8...8...8##.#
#.#.....
.....##........{##.#
#.##.##.
.....#_.........@#.#
#.......
##.#.##.........####
########
.#.####8...8...8###
.....####8###8###
.#.#################
.#.##........(.....#
.#.##.#......รท....##
.#.##..#.).......##
.#..............##


There were no monsters in sight!

Vanquished Creatures
  An orc wizard (D:3)
  3 adders
  2 oozes
  A worm (D:2)
  A dart slug (D:2)
  2 leopard geckos
  An orc (D:3)
  2 ball pythons (D:2)
  3 giant cockroaches
  6 goblins
  10 hobgoblins
  2 jackals (D:3)
  4 quokkas
  2 bats (D:2)
  4 frilled lizards
  6 kobolds
  5 rats
55 creatures vanquished.

Notes
Turn   | Place    | Note
-------+----------+-------------------------------------------
     0 | D:1      | littlejohnii the Minotaur Fighter began the quest for the Orb.
     0 | D:1      | Reached XP level 1. HP: 19/19 MP: 0/0
    82 | D:1      | Reached skill level 3 in Maces & Flails
   210 | D:1      | Reached XP level 2. HP: 25/26 MP: 1/1
   453 | D:1      | Reached skill level 4 in Maces & Flails
   517 | D:1      | Reached XP level 3. HP: 21/31 MP: 2/2
   749 | D:2      | Found a hazy altar of Hepliaklqana.
   967 | D:2      | Found a deep blue altar of Sif Muna.
   981 | D:2      | Found an iron altar of Okawaru.
   987 | D:2      | Became a worshipper of Warmaster Okawaru
  1011 | D:2      | Reached skill level 5 in Maces & Flails
  1334 | D:3      | Reached XP level 4. HP: 39/39 MP: 3/3
  1646 | D:3      | Reached skill level 6 in Maces & Flails
  1651 | D:3      | Noticed tyrsky's ghost (amateur TrMo)
  1977 | D:2      | Killed from afar by an orc wizard

Skill      XL: |  1  2  3  4 |
---------------+-------------+-----
Maces & Flails | 3 4 5 6 |  6.2
Fighting       | |  3.6
Armour         | |  3.6
Shields        | |  3.6

Action                   |  1- 3 |  4- 6 || total
-------------------------+-------+-------++-------
Melee: Flail             |   115 |    58 ||   173
       Headbutt          |    13 |     5 ||    18
  Eat: Chunk             |     2 |     1 ||     3
Armor: Scale mail        |    41 |    32 ||    73
Dodge: Dodged            |    29 |    14 ||    43
Block: Shield            |    45 |    25 ||    70
